General information
- name: BNet
- type: Ladder team game (AT/RT)
- host: Battle.net
- saver: AFKChamp
map: Deadlock
- players: 8
- length: 33:55
- speed: Fast
- version: 1.26 W3XP
- replay type: Public
» download(243 KB)
Players
team 1 (winner)
noobcity (
pink | 30 APM | 1018 actions | 33:47)
4 Blademaster
2 Wind Walk
2 Critical Strike
3 Shadow Hunter
2 Healing Wave
1 Hex
» actions
| Basic commands | 33 | |
| Build / train | 60 | |
| ESC pressed | 6 | |
| Enter build submenu | 20 | |
| Enter hero's abilities submenu | 7 | |
| Remove unit from queue | 1 | |
| Right click | 413 | |
| Select / deselect | 380 | |
| Use ability | 97 | |
1018 total
» units
| Peon | 16 | |
| Wind Rider | 10 | |
| Troll Batrider | 7 | |
33 total
» upgrades
» buildings
| Altar of Storms | 1 | |
| Orc Burrow | 6 | |
| Voodoo Lounge | 1 | |
| Stronghold | 2 | |
| War Mill | 1 | |
| Beastiary | 4 | |
| Great Hall | 1 | |
| Fortress | 1 | |
| Tree of Life | 2 | |
| Altar of Elders | 1 | |
| Moon Well | 2 | |
22 total
» build order
00:10 Altar of Storms
00:21 Orc Burrow
00:51 Voodoo Lounge
02:06 Stronghold
02:06 Stronghold
02:21 War Mill
03:02 Orc Burrow
03:04 Orc Burrow
04:31 Beastiary
04:33 Beastiary
04:56 Orc Burrow
06:13 Great Hall
10:21 Fortress
10:28 Orc Burrow
10:30 Orc Burrow
10:46 Beastiary
10:48 Beastiary
29:34 Tree of Life
29:37 Altar of Elders
29:39 Moon Well
30:36 Moon Well
30:46 Tree of Life
» items
| Healing Salve | 4 | |
| Dust of Appearance | 1 | |
| Lesser Clarity Potion | 2 | |
| Scroll of Town Portal | 1 | |
| Orb of Lightning | 1 | |
9 total

»
Angry_Birds (
purple | 61 APM | 1030 actions | 17:01)
4 Death Knight
2 Death Coil
2 Unholy Aura
2 Lich
1 Frost Nova
1 Dark Ritual
» actions
| Assign group hotkey | 56 | |
| Build / train | 49 | |
| Enter build submenu | 13 | |
| Enter hero's abilities submenu | 6 | |
| Give item / drop item | 4 | |
| Remove unit from queue | 1 | |
| Right click | 422 | |
| Select / deselect | 228 | |
| Select group hotkey | 202 | |
| Use ability | 48 | |
1030 total
» units
| Acolyte | 5 | |
| Ghoul | 5 | |
| Crypt Fiend | 10 | |
| Frost Wyrm | 1 | |
21 total
» upgrades
» buildings
| Ziggurat | 5 | |
| Crypt | 1 | |
| Altar of Darkness | 1 | |
| Tomb of Relics | 1 | |
| Graveyard | 1 | |
| Nerubian Tower | 1 | |
| Halls of the Dead | 1 | |
| Black Citadel | 1 | |
| Spirit Tower | 1 | |
| Sacrificial Pit | 2 | |
| Boneyard | 1 | |
16 total
» build order
00:10 Ziggurat
00:14 Crypt
00:36 Altar of Darkness
01:09 Tomb of Relics
01:18 Graveyard
01:41 Ziggurat
02:04 Nerubian Tower
05:10 Halls of the Dead
05:57 Ziggurat
06:34 Ziggurat
08:30 Black Citadel
08:57 Spirit Tower
09:26 Sacrificial Pit
09:33 Sacrificial Pit
11:20 Boneyard
15:50 Ziggurat
» items
| Rod of Necromancy | 1 | |
| Boots of Speed | 1 | |
| Scroll of Healing | 2 | |
| Potion of Lesser Invulnerability | 1 | |
| Lesser Clarity Potion | 2 | |
| Scroll of Town Portal | 3 | |
| Scroll of Regeneration | 1 | |
| Potion of Mana | 1 | |
12 total
Knight_Lite (
yellow | 68 APM | 1346 actions | 19:48)
5 Warden
3 Fan of Knives
2 Blink
2 Keeper of the Grove
1 Entangling Roots
1 Thorns Aura
» actions
| Build / train | 77 | |
| Enter build submenu | 22 | |
| Enter hero's abilities submenu | 7 | |
| Give item / drop item | 2 | |
| Remove unit from queue | 3 | |
| Right click | 796 | |
| Select / deselect | 368 | |
| Use ability | 70 | |
1346 total
» units
| Wisp | 21 | |
| Archer | 8 | |
| Hippogryph | 5 | |
| Chimaera | 7 | |
41 total
» upgrades
| Strength of the Wild | 3 | |
| Reinforced Hides | 3 | |
| Improved Bows | 0 | |
| Corrosive Breath | 1 | |
7 total
» buildings
| Altar of Elders | 1 | |
| Moon Well | 8 | |
| Ancient of War | 2 | |
| Hunter's Hall | 1 | |
| Tree of Life | 1 | |
| Tree of Ages | 2 | |
| Ancient of Wonders | 1 | |
| Tree of Eternity | 1 | |
| Ancient of Wind | 2 | |
| Chimaera Roost | 3 | |
22 total
» build order
00:11 Altar of Elders
00:15 Moon Well
00:39 Ancient of War
01:35 Moon Well
02:17 Hunter's Hall
02:28 Ancient of War
03:42 Tree of Life
04:29 Moon Well
04:31 Moon Well
05:43 Tree of Ages
05:43 Tree of Ages
06:54 Ancient of Wonders
08:07 Tree of Eternity
08:11 Ancient of Wind
08:14 Ancient of Wind
11:06 Chimaera Roost
11:14 Chimaera Roost
11:19 Moon Well
12:43 Moon Well
12:49 Chimaera Roost
13:57 Moon Well
14:54 Moon Well
» items
| Boots of Speed | 1 | |
| Staff of Teleportation | 1 | |
| Lesser Clarity Potion | 2 | |
| Potion of Mana | 5 | |
| Orb of Venom | 1 | |
| Scroll of Town Portal | 2 | |
| Potion of Healing | 1 | |
13 total
AFKChamp (
red | 101 APM | 3415 actions | 33:55)
7 Archmage
3 Summon Water Elemental
3 Brilliance Aura
1 Mass Teleport
6 Mountain King
3 Storm Bolt
3 Bash
» actions
| Assign group hotkey | 130 | |
| Basic commands | 83 | |
| Build / train | 165 | |
| ESC pressed | 12 | |
| Enter build submenu | 72 | |
| Enter hero's abilities submenu | 13 | |
| Give item / drop item | 3 | |
| Right click | 1354 | |
| Select / deselect | 445 | |
| Select group hotkey | 836 | |
| Use ability | 301 | |
3415 total
» units
| Peasant | 21 | |
| Footman | 5 | |
| Gryphon Rider | 9 | |
| Dragonhawk Rider | 4 | |
| Wisp | 3 | |
42 total
» upgrades
| Masonry | 3 | |
| Swords | 3 | |
| Lumber Harvesting | 2 | |
| Armor | 3 | |
| Animal War Training | 1 | |
| Storm Hammers | 1 | |
| Cloud | 1 | |
| Well Spring | 1 | |
15 total
» buildings
| Barracks | 1 | |
| Altar of Kings | 1 | |
| Farm | 21 | |
| Arcane Vault | 1 | |
| Lumber Mill | 1 | |
| Town Hall | 4 | |
| Keep | 2 | |
| Scout Tower | 36 | |
| Blacksmith | 4 | |
| Guard Tower | 42 | |
| Castle | 3 | |
| Gryphon Aviary | 2 | |
| Moon Well | 6 | |
124 total
» build order
01:11 Barracks
01:14 Altar of Kings
01:21 Farm
01:54 Farm
02:00 Farm
02:25 Farm
02:43 Arcane Vault
03:36 Farm
03:51 Lumber Mill
04:40 Town Hall
05:09 Keep
05:09 Keep
06:12 Scout Tower
06:13 Scout Tower
06:14 Scout Tower
06:15 Scout Tower
06:16 Scout Tower
06:28 Blacksmith
07:08 Scout Tower
07:08 Scout Tower
07:10 Scout Tower
07:14 Guard Tower
07:14 Guard Tower
07:14 Guard Tower
07:39 Guard Tower
07:39 Guard Tower
07:39 Guard Tower
07:40 Guard Tower
08:12 Castle
08:13 Castle
08:13 Castle
09:08 Gryphon Aviary
09:18 Gryphon Aviary
10:15 Farm
13:22 Scout Tower
13:23 Scout Tower
13:26 Scout Tower
13:28 Scout Tower
13:30 Scout Tower
13:52 Guard Tower
13:52 Guard Tower
13:57 Guard Tower
13:57 Guard Tower
13:58 Guard Tower
13:58 Guard Tower
13:58 Guard Tower
14:02 Guard Tower
14:02 Guard Tower
17:42 Farm
17:43 Farm
18:08 Farm
19:22 Farm
20:20 Scout Tower
20:21 Scout Tower
20:22 Scout Tower
20:26 Scout Tower
20:29 Scout Tower
20:30 Scout Tower
20:31 Scout Tower
20:36 Scout Tower
20:37 Scout Tower
20:49 Guard Tower
20:49 Guard Tower
21:26 Guard Tower
21:26 Guard Tower
23:11 Farm
23:11 Farm
24:49 Town Hall
25:00 Moon Well
25:01 Moon Well
25:02 Moon Well
25:07 Moon Well
25:08 Moon Well
25:09 Moon Well
25:18 Farm
25:20 Farm
25:25 Farm
25:27 Farm
25:28 Farm
25:30 Farm
25:48 Scout Tower
25:48 Scout Tower
25:49 Scout Tower
25:50 Scout Tower
25:52 Scout Tower
25:54 Scout Tower
26:06 Farm
26:07 Farm
26:08 Farm
26:23 Town Hall
26:26 Scout Tower
26:27 Scout Tower
26:28 Scout Tower
26:29 Scout Tower
26:33 Guard Tower
26:33 Guard Tower
27:10 Guard Tower
27:10 Guard Tower
27:19 Guard Tower
27:19 Guard Tower
27:36 Guard Tower
27:36 Guard Tower
27:37 Guard Tower
27:48 Guard Tower
27:49 Guard Tower
27:49 Guard Tower
30:20 Town Hall
31:13 Scout Tower
31:14 Scout Tower
31:16 Scout Tower
31:17 Scout Tower
32:21 Blacksmith
32:24 Blacksmith
32:26 Blacksmith
» items
| Scroll of Regeneration | 6 | |
| Mechanical Critter | 5 | |
| Boots of Speed | 1 | |
| Staff of Teleportation | 2 | |
| Potion of Lesser Invulnerability | 1 | |
| Periapt of Vitality | 1 | |
| Circlet of Nobility | 1 | |
| Lesser Clarity Potion | 1 | |
| Scroll of Town Portal | 2 | |
| Staff of Sanctuary | 1 | |
| Orb of Fire | 1 | |
22 total
team 2 (loser)
TriTon_KinG (
blue | 50 APM | 1683 actions | 33:43)
5 Far Seer
3 Feral Spirit
2 Chain Lighting
3 Tauren Chieftain
1 War Stomp
2 Endurance Aura
» actions
| Basic commands | 43 | |
| Build / train | 93 | |
| ESC pressed | 11 | |
| Enter build submenu | 24 | |
| Enter hero's abilities submenu | 8 | |
| Remove unit from queue | 2 | |
| Right click | 845 | |
| Select / deselect | 511 | |
| Use ability | 146 | |
1683 total
» units
| Peon | 13 | |
| Grunt | 12 | |
| Raider | 18 | |
| Spirit Walker | 3 | |
| Siege Engine | 9 | |
55 total
» upgrades
| Berserker Strength | 1 | |
| Ensnare | 1 | |
| Armor | 2 | |
| Melee Weapons | 2 | |
6 total
» buildings
| Altar of Storms | 1 | |
| Orc Burrow | 9 | |
| Barracks | 1 | |
| Voodoo Lounge | 1 | |
| Stronghold | 1 | |
| War Mill | 1 | |
| Watch Tower | 4 | |
| Beastiary | 1 | |
| Spirit Lodge | 2 | |
| Fortress | 1 | |
| Great Hall | 2 | |
24 total
» build order
00:15 Altar of Storms
00:27 Orc Burrow
00:47 Barracks
01:38 Orc Burrow
02:04 Voodoo Lounge
03:11 Stronghold
03:17 War Mill
03:58 Orc Burrow
04:39 Watch Tower
05:38 Beastiary
06:18 Orc Burrow
07:28 Orc Burrow
09:06 Spirit Lodge
11:12 Spirit Lodge
13:03 Orc Burrow
15:11 Orc Burrow
16:01 Fortress
20:29 Great Hall
23:25 Orc Burrow
23:34 Orc Burrow
28:29 Watch Tower
28:35 Watch Tower
30:39 Watch Tower
32:10 Great Hall
» items
| Healing Salve | 2 | |
| Scroll of Speed | 1 | |
| Scroll of Town Portal | 4 | |
| Lesser Clarity Potion | 1 | |
| Scroll of Healing | 1 | |
| Boots of Speed | 1 | |
10 total
m.e.s.o (
teal | 98 APM | 2782 actions | 28:30)
4 Archmage
2 Summon Water Elemental
2 Brilliance Aura
4 Mountain King
2 Storm Bolt
2 Thunder Clap
2 Paladin
1 Holy Light
1 Devotion Aura
» actions
| Assign group hotkey | 43 | |
| Basic commands | 385 | |
| Build / train | 130 | |
| ESC pressed | 5 | |
| Enter build submenu | 34 | |
| Enter hero's abilities submenu | 10 | |
| Give item / drop item | 1 | |
| Right click | 855 | |
| Select / deselect | 471 | |
| Select group hotkey | 733 | |
| Use ability | 115 | |
2782 total
» units
| Peasant | 31 | |
| Footman | 14 | |
| Mortar Team | 8 | |
| Rifleman | 7 | |
| Flying Machine | 12 | |
| Siege Engine | 4 | |
76 total
» upgrades
| Masonry | 2 | |
| Defend | 1 | |
| Lumber Harvesting | 2 | |
| Swords | 1 | |
| Gunpowder | 3 | |
| Long Rifles | 1 | |
| Flak Cannons | 1 | |
| Fragmentation Shards | 1 | |
| Flare | 1 | |
| Armor | 1 | |
| Plating | 2 | |
| Barrage | 1 | |
17 total
» buildings
| Altar of Kings | 1 | |
| Farm | 10 | |
| Barracks | 1 | |
| Scout Tower | 10 | |
| Arcane Tower | 2 | |
| Lumber Mill | 2 | |
| Town Hall | 2 | |
| Arcane Vault | 1 | |
| Guard Tower | 9 | |
| Keep | 1 | |
| Blacksmith | 1 | |
| Workshop | 4 | |
| Castle | 1 | |
45 total
» build order
00:12 Altar of Kings
00:13 Farm
00:19 Barracks
00:48 Farm
01:34 Farm
01:51 Scout Tower
02:01 Farm
02:22 Arcane Tower
03:52 Lumber Mill
04:00 Town Hall
04:09 Town Hall
04:14 Scout Tower
04:19 Arcane Vault
04:53 Scout Tower
04:53 Arcane Tower
05:24 Guard Tower
05:27 Scout Tower
05:54 Keep
05:57 Guard Tower
06:00 Scout Tower
06:17 Blacksmith
06:29 Guard Tower
06:31 Scout Tower
06:35 Scout Tower
06:56 Farm
07:10 Guard Tower
07:16 Lumber Mill
08:23 Scout Tower
08:29 Guard Tower
08:47 Workshop
09:01 Scout Tower
09:01 Guard Tower
09:28 Guard Tower
09:30 Scout Tower
10:03 Guard Tower
11:37 Guard Tower
12:09 Workshop
13:05 Castle
13:29 Farm
15:39 Farm
15:41 Farm
18:06 Farm
19:41 Farm
25:49 Workshop
26:18 Workshop
» items
| Potion of Healing | 2 | |
| Scroll of Regeneration | 1 | |
| Ivory Tower | 3 | |
| Scroll of Town Portal | 2 | |
| Potion of Lesser Invulnerability | 1 | |
| Scroll of Healing | 1 | |
| Boots of Speed | 1 | |
11 total
823723895729789 (
orange | 38 APM | 1297 actions | 33:47)
7 Beastmaster
3 Summon Bear
3 Summon Hawk
1 Stampede
» actions
| Assign group hotkey | 29 | |
| Basic commands | 84 | |
| Build / train | 114 | |
| ESC pressed | 1 | |
| Enter build submenu | 30 | |
| Enter hero's abilities submenu | 7 | |
| Right click | 367 | |
| Select / deselect | 292 | |
| Select group hotkey | 296 | |
| Use ability | 77 | |
1297 total
» units
| Wisp | 35 | |
| Archer | 23 | |
| Dryad | 14 | |
| Glaive Thrower | 2 | |
| Flying Machine | 3 | |
77 total
» upgrades
| Improved Bows | 1 | |
| Strength of the Moon | 2 | |
| Reinforced Hides | 2 | |
| Abolish Magic | 2 | |
| Marksmanship | 1 | |
| Nature's Blessing | 1 | |
| Strength of the Wild | 2 | |
| Moon Armor | 2 | |
13 total
» buildings
| Moon Well | 6 | |
| Ancient of War | 2 | |
| Altar of Elders | 1 | |
| Hunter's Hall | 2 | |
| Tree of Life | 2 | |
| Tree of Ages | 1 | |
| Ancient Protector | 13 | |
| Tree of Eternity | 1 | |
| Ancient of Wonders | 1 | |
| Ancient of Lore | 3 | |
32 total
» build order
00:23 Moon Well
00:37 Ancient of War
01:07 Altar of Elders
01:30 Moon Well
02:29 Moon Well
03:46 Hunter's Hall
04:21 Tree of Life
04:51 Tree of Ages
05:14 Hunter's Hall
06:32 Ancient Protector
06:57 Ancient Protector
07:51 Tree of Eternity
08:42 Moon Well
08:44 Moon Well
08:45 Moon Well
08:50 Ancient of Wonders
09:29 Ancient of Lore
09:32 Ancient of Lore
09:41 Ancient of Lore
09:45 Ancient of War
12:23 Ancient Protector
12:25 Ancient Protector
28:11 Ancient Protector
28:12 Ancient Protector
28:12 Ancient Protector
28:13 Ancient Protector
28:13 Ancient Protector
28:16 Ancient Protector
28:20 Ancient Protector
28:20 Ancient Protector
30:34 Tree of Life
» items
| Scroll of Town Portal | 6 | |
| Periapt of Vitality | 2 | |
| Circlet of Nobility | 1 | |
| Potion of Healing | 3 | |
| Orb of Fire | 1 | |
13 total
Lawdy (
green | 61 APM | 2052 actions | 33:47)
6 Archmage
3 Summon Water Elemental
2 Brilliance Aura
1 Mass Teleport
» actions
| Assign group hotkey | 47 | |
| Basic commands | 250 | |
| Build / train | 74 | |
| Enter build submenu | 39 | |
| Enter hero's abilities submenu | 6 | |
| Give item / drop item | 1 | |
| Right click | 762 | |
| Select / deselect | 389 | |
| Select group hotkey | 283 | |
| Use ability | 201 | |
2052 total
» units
| Peasant | 13 | |
| Footman | 5 | |
| Dragonhawk Rider | 9 | |
| Gryphon Rider | 11 | |
38 total
» upgrades
| Masonry | 3 | |
| Lumber Harvesting | 2 | |
| Cloud | 1 | |
| Swords | 3 | |
| Armor | 3 | |
| Animal War Training | 1 | |
| Storm Hammers | 1 | |
14 total
» buildings
| Altar of Kings | 1 | |
| Barracks | 1 | |
| Farm | 8 | |
| Lumber Mill | 2 | |
| Arcane Vault | 2 | |
| Town Hall | 2 | |
| Keep | 1 | |
| Scout Tower | 25 | |
| Castle | 1 | |
| Gryphon Aviary | 4 | |
| Blacksmith | 2 | |
| Guard Tower | 5 | |
54 total
» build order
00:37 Altar of Kings
00:39 Barracks
00:54 Farm
00:55 Farm
01:09 Farm
01:33 Farm
03:25 Lumber Mill
04:05 Arcane Vault
04:10 Town Hall
04:44 Keep
05:29 Scout Tower
05:31 Scout Tower
05:33 Scout Tower
05:35 Scout Tower
05:36 Scout Tower
07:17 Castle
08:25 Gryphon Aviary
08:25 Gryphon Aviary
08:26 Gryphon Aviary
08:27 Gryphon Aviary
08:29 Blacksmith
08:32 Blacksmith
08:38 Guard Tower
10:04 Farm
14:13 Guard Tower
17:18 Farm
17:18 Farm
18:25 Lumber Mill
19:40 Town Hall
19:43 Scout Tower
19:43 Scout Tower
19:44 Scout Tower
19:44 Scout Tower
19:45 Scout Tower
19:45 Scout Tower
19:46 Scout Tower
19:46 Scout Tower
19:47 Scout Tower
19:48 Scout Tower
19:53 Arcane Vault
21:32 Scout Tower
21:33 Scout Tower
21:34 Scout Tower
21:34 Scout Tower
21:36 Scout Tower
21:36 Scout Tower
21:38 Scout Tower
21:39 Scout Tower
23:23 Guard Tower
24:24 Guard Tower
26:00 Guard Tower
» items
| Healing Salve | 1 | |
| Boots of Speed | 1 | |
| Staff of Teleportation | 1 | |
| Periapt of Vitality | 1 | |
| Potion of Lesser Invulnerability | 1 | |
| Potion of Invisibility | 1 | |
6 total
Chat log
(00:05 / Allies) noobcity: fast air
(06:44 / All) Lawdy: nice mh
(06:57 / All) Lawdy: nice mh pink
(07:05 / All) TriTon_KinG: LOL
(07:08 / All) TriTon_KinG: YOU say that ?
(07:41 / All) TriTon_KinG: like u did to me ?
(08:41 / All) Lawdy: back
(10:17 / All) Lawdy: fuck
(10:29 / All) Lawdy: wasn't paying attention
(10:49 / All) Knight_Lite: poor teal nobody gives a shit
(13:02 / All) Lawdy: I LOVE BATS
(13:04 / All) Lawdy: TALENT
(14:03 / Allies) noobcity: help you fucking dick
(14:08 / Allies) AFKChamp: you blow
(14:10 / Allies) AFKChamp: maphacking trash
(14:17 / Allies) noobcity: dont hack retard
(14:22 / Allies) AFKChamp: maphacker scum
(14:23 / Allies) AFKChamp: eat shit
(14:26 / Allies) noobcity: LOL
(14:29 / Allies) noobcity: ur a fucking fag kid
(14:51 / All) noobcity: gg reds a fag
(14:57 / All) AFKChamp: and pinks a mher
(15:02 / All) noobcity: sure dont
(15:08 / All) noobcity: watch replay
(15:11 / All) Lawdy: he just got mad lucky lawl
(15:19 / All) Lawdy: retard didn't even realize had had sentry ward in his base
(15:21 / Allies) Angry_Birds: all go
(15:26 / All) noobcity: how is creeping the mine right next to me
(15:29 / All) noobcity: getting lucky?
(15:44 / All) Lawdy: cuz I was creeping when yo ushowed up dingbat
(15:54 / All) noobcity: maybe you are unlucky?
(15:59 / All) noobcity: ever consider that?
(16:00 / All) Lawdy: and you are lucky durr
(17:05 / Allies) noobcity: garbage team
(17:07 / Allies) noobcity: jesus christ
(17:13 / Allies) AFKChamp: out pink
(17:18 / Allies) AFKChamp: me and yellow got this
(17:21 / Allies) AFKChamp: don't need you
(17:25 / All) 823723895729789: nice hero focus noob
(17:33 / All) AFKChamp: worked out for us
(17:34 / All) AFKChamp: noob
(17:44 / All) TriTon_KinG: lol
(17:44 / All) 823723895729789: purp
(17:46 / All) TriTon_KinG: sure
(18:25 / All) noobcity: red has 5k gold
(18:29 / All) noobcity: and thinks hes good
(18:35 / All) AFKChamp: pink has no units or anything
(18:36 / All) noobcity: not joking
(18:37 / All) AFKChamp: and thinks hes good
(18:50 / All) noobcity: red doesnt understand basic game concepts
(19:01 / All) noobcity: and is saving gold for the next game
(19:02 / All) AFKChamp: I understand upkeep
(19:04 / All) AFKChamp: do you?
(19:05 / All) noobcity: which i'm told is not allowed
(19:08 / All) Lawdy: wow
(19:10 / All) Lawdy: yellow is terrible
(19:12 / All) noobcity: upkeep
(19:18 / All) noobcity: he understands upkeep you guys
(19:22 / All) 823723895729789: another hero focuser lol
(19:24 / All) Knight_Lite: i no im supposed to beat 2 ppl
(19:25 / All) noobcity: can never be too careful with 5k gold
(19:29 / All) Lawdy: yeah
(19:33 / All) Lawdy: tp out next time or back up turd
(20:38 / All) TriTon_KinG: gg
(20:42 / All) AFKChamp: gg out you lose
(20:48 / All) TriTon_KinG: ?
(20:49 / All) TriTon_KinG: lol
(20:53 / All) noobcity: reds retarded
(20:55 / All) noobcity: dont mind him
(21:00 / All) AFKChamp: trash lol
(21:03 / All) AFKChamp: not even upgaded burrows
(21:13 / All) noobcity: yeah it was weird
(21:15 / All) TriTon_KinG: nah
(21:18 / All) TriTon_KinG: were winning
(21:20 / All) TriTon_KinG: no need
(21:22 / All) noobcity: so my base was fucked
(21:23 / All) AFKChamp: you lose
(21:30 / All) noobcity: can you believe that?
(21:33 / All) noobcity: what a dick right?
(21:52 / All) AFKChamp: Faggot pink still playing lol
(23:16 / All) noobcity: still has 4500 gold
(23:18 / All) noobcity: cuz you know
(23:22 / All) noobcity: he understands upkeep
(23:37 / All) noobcity: penny saved is a penny earned right red?
(23:46 / All) AFKChamp: I win
(23:47 / All) AFKChamp: you lose
(23:48 / All) AFKChamp: out
(23:57 / All) noobcity: i dont think thats right
(24:07 / All) AFKChamp: you don't think
(24:26 / All) Lawdy: LUMBER
(25:07 / All) noobcity: red is expo
(25:11 / All) noobcity: 5 oclock
(25:20 / All) noobcity: and 4
(25:38 / All) AFKChamp: Pink is desperate for me to lose lol
(25:54 / All) noobcity: red thinks hes good
(25:57 / All) noobcity: no idea why
(26:03 / All) TriTon_KinG: hmmmm
(26:06 / All) TriTon_KinG: daddy issue
(26:12 / All) AFKChamp: whateve I do
(26:13 / All) noobcity: others?
(26:15 / All) AFKChamp: least I am not a hacker
(26:17 / All) AFKChamp: pink
(26:21 / All) noobcity: dont hack bro
(26:26 / All) noobcity: no idea why you think that
(26:30 / All) noobcity: green was joking
(26:34 / All) noobcity: he even admitted it
(26:41 / All) noobcity: i think ur just a spaz
(26:54 / All) noobcity: did i get that right? you got anger issues bud?
(28:02 / All) noobcity: coming up right side
(28:05 / All) noobcity: going to teals expo
(28:13 / All) noobcity: oj main
(29:10 / All) AFKChamp: nice tp
(29:15 / All) AFKChamp: you are a great player orange
(29:16 / All) AFKChamp: gg out
(29:24 / All) AFKChamp: told you that you lose
(30:01 / All) AFKChamp: You're trash blue
(30:50 / Allies) AFKChamp: nice try
(30:56 / All) AFKChamp: Kill yellow warden at bot right
(31:00 / All) AFKChamp: the expo above bot right
(31:06 / All) AFKChamp: This tard is trying to rebuild
(31:35 / All) TriTon_KinG: red attack green
(31:40 / All) AFKChamp: why, he's tking
(31:43 / All) AFKChamp: I win idiot
(31:44 / All) AFKChamp: out noob
(31:44 / All) TriTon_KinG: he got nothing in his base lol
(31:47 / All) AFKChamp: fucking moron
(31:50 / All) TriTon_KinG: yupp
(31:52 / All) TriTon_KinG: gl
(33:25 / All) AFKChamp: Keep trying sissy boy pink but you ain't getting that heo